 Dungeon Crawl Stone Soup version 0.28-a0-512-g960c72b710 (webtiles) character file.

Game seed: 392593384000299557

530 GordonOverkill the Chopper (level 7, -3/53 HPs)
             Began as a Djinni Berserker on Sept 22, 2021.
             Was a Believer of Trog.
             Slain by a centaur (8 damage)
             ... on level 5 of the Dungeon.
             The game lasted 00:05:38 (3346 turns).

GordonOverkill the Chopper (Djinni Berserker)       Turns: 3346, Time: 00:05:39

Health: -3/53      AC:  4    Str: 18    XL:     7   Next: 48%
Gold:   108        EV: 13    Int:  8    God:    Trog [**....] SH:  0 Dex: 13

rFire   + + .      SeeInvis .   a - +0 hand axe
rCold   x . .      Faith    .   (no shield)
rNeg    . . .      Spirit   .   n - +0 leather armour
rPois   ∞          Reflect  .   m - +0 helmet
rElec   .          Harm     .   (no cloak)
rCorr   .          Rampage  .   (no gloves)
Will    .....                   (boots unavailable)
Stlth   +.........              (no amulet)
HPRegen 0.17/turn               (no ring)
MPRegen 0.00/turn               (no ring)

@: on berserk cooldown, flying, slowed, very slow
A: sickness immunity, fire resistance 2, cold vulnerability 1, float, innate
caster, hp casting, extra vitality 1
a: Renounce Religion, Berserk, Trog's Hand


You were on level 5 of the Dungeon.
You worshipped Trog.
Trog was pleased with you.
You visited 1 branch of the dungeon, and saw 5 of its levels.

You collected 108 gold pieces.

Inventory:

Hand Weapons
 a - a +0 hand axe (weapon)
Missiles
 c - 4 boomerangs of dispersal
 i - 16 poisoned darts (quivered)
Armour
 m - a +0 helmet (worn)
 n - a +0 leather armour (worn)
Scrolls
 e - a scroll of immolation {unknown}
 f - a scroll of teleportation {unknown}
 g - a scroll of enchant weapon {unknown}
 h - a scroll of enchant armour {unknown}


   Skills:
 + Level 4.4 Fighting
 * Level 4.6 Axes
 + Level 3.8 Armour
 + Level 4.1 Dodging


You couldn't memorise any spells.
You knew the following spells:

 Your Spells              Type           Power      Damage    Failure   Level
a - Magic Dart            Conj           0%         1d3       45%         1
b - Scorch                Fire           0%         2d5       61%         2
c - Vampiric Draining     Necr           0%         2d6       83%         3
Your spell library was empty.

Dungeon Overview and Level Annotations

Branches:
Dungeon (6/15)
 Temple: D:4-7

Altars:
Cheibriados

Shops:
D:1 ?


Innate Abilities, Weirdness & Mutations

You are immune to sickness and miasma.
You are immune to poison.
Your flesh is very heat resistant. (rF++)
You are vulnerable to cold. (rC-)
You float through the air rather than walking.
You learn spells naturally, not from books.
Your magical power is your life essence.
You have superior vitality. (+4 HP)


Message History

You hit the centaur.
The centaur is heavily wounded.
The centaur hits you with a +0 dagger.
* * * LOW HITPOINT WARNING * * *
The centaur kicks you.
* * * LOW HITPOINT WARNING * * *
The centaur closely misses you.
The centaur kicks you but does no damage.
You hit the centaur.
The centaur is severely wounded.
The centaur hits you with a +0 dagger.
* * * LOW HITPOINT WARNING * * *
The centaur closely misses you. x2; The centaur misses you.
The centaur closely misses you. The centaur kicks you.
* * * LOW HITPOINT WARNING * * *
You hit the centaur.
The centaur is almost dead.
The centaur misses you. x2; The centaur hits you with a +0 dagger.
* * * LOW HITPOINT WARNING * * *
The centaur barely misses you.
You barely miss the centaur.
The centaur is almost dead.
The centaur barely misses you. x2; The centaur hits you with a +0 dagger.
* * * LOW HITPOINT WARNING * * *
The centaur kicks you but does no damage.
The centaur misses you.
The centaur kicks you but does no damage.
You closely miss the centaur.
The centaur is almost dead.
The centaur hits you but does no damage.
The centaur kicks you.
* * * LOW HITPOINT WARNING * * *
The centaur hits you with a +0 dagger.
* * * LOW HITPOINT WARNING * * *
The centaur kicks you.
* * * LOW HITPOINT WARNING * * *
You hit the centaur.
The centaur is almost dead.
The centaur hits you with a +0 dagger!
You die...

#.....# .....
#.....#+######.....
#...........c.....
#...............#
#..............#
#..............#c#
##......)......c..#
#....##c######..#...
#....#)(@.# .#
#....'....# .#
#....#....# ..
#....##+### ##
####..>...# #......#
#......# #......#
#......#


You could see a centaur.

Vanquished Creatures
  Sigmund (D:6)
  An ogre (D:6)
  A centaur (D:5)
  A scorpion (D:6)
  A jelly (D:5)
  Robin (D:2)
  4 gnolls (D:5)
  2 adders
  A shadow imp (D:6)
  A worm (D:2)
  A dart slug (D:3)
  3 bats
  4 endoplasms (D:1)
  3 giant cockroaches
  12 goblins
  3 hobgoblins
  2 kobolds (D:2)
  A quokka (D:2)
  3 ball pythons
  5 rats
51 creatures vanquished.

Notes
Turn   | Place    | Note
-------+----------+-------------------------------------------
     0 | D:1      | GordonOverkill the Djinni Berserker began the quest for the
                  | Orb.
     0 | D:1      | Reached XP level 1. HP: 20/20 MP: 0/0
    10 | D:1      | Found Longydd's Magic Scroll Boutique.
   485 | D:1      | Reached XP level 2. HP: 12/25 MP: 0/0
  1256 | D:1      | You are sucked into a shaft and drop 1 floor!
  1397 | D:2      | Noticed Robin
  1400 | D:2      | Reached XP level 3. HP: 30/30 MP: 0/0
  1400 | D:2      | Learned a level 1 spell: Magic Dart
  1412 | D:2      | Killed Robin
  1832 | D:2      | Reached XP level 4. HP: 34/35 MP: 0/0
  1852 | D:2      | Found a faded altar of an unknown god.
  2012 | D:2      | Reached ** piety under Trog
  2267 | D:2      | Found a snail-covered altar of Cheibriados.
  2416 | D:3      | You are sucked into a shaft and drop 3 floors!
  2419 | D:6      | Noticed Sigmund
  2434 | D:6      | Killed Sigmund
  2435 | D:6      | Reached XP level 5. HP: 8/41 MP: 0/0
  2435 | D:6      | Learned a level 2 spell: Scorch
  2435 | D:6      | Reached XP level 6. HP: 9/47 MP: 0/0
  2860 | D:6      | Noticed an ogre
  2871 | D:6      | Killed an ogre
  2969 | D:6      | Reached XP level 7. HP: 52/52 MP: 0/0
  2969 | D:6      | Learned a level 3 spell: Vampiric Draining
  3148 | D:5      | Entered Level 5 of the Dungeon
  3346 | D:5      | Slain by a centaur

Illustrated notes

Levels and vault maps discovered:
D:1:      dpeg_arrival_rooms_with_view, layout_basic, serial_shops, shop
D:2:      layout_rooms, basic_altar, dreamdust_ecumenical_altar_grove,
          hangedman_decor_growths, minmay_pentomino_v4, uniq_robin
D:3:      layout_rooms, minmay_misc_feat_ornament, minmay_misc_feat_cross,
          uniq_jessica
D:5:      layout_gridville, minmay_manual_mares
D:6:      layout_loops_corners, okawaru_trees_1, trog_wizard, item_on_display_a,
          uniq_sigmund, uniq_prince_ribbit1

Skill      XL: |  1  2  3  4  5  6  7 |
---------------+----------------------+-----
Axes           | 3 4 |  4.6
Armour         | 3 |  3.8
Dodging        | 3 4 |  4.1
Fighting       | 4 |  4.4

Action                   |  1- 3 |  4- 6 |  7- 9 || total
-------------------------+-------+-------+-------++-------
Melee: Hand axe          |    49 |    51 |    38 ||   138
Invok: Berserk           |     3 |     4 |     5 ||    12
  Use: Scroll            |       |     3 |       ||     3
       Potion            |       |       |     1 ||     1
 Stab: Sleeping          |     1 |       |       ||     1
Armor: Animal skin       |     4 |     6 |       ||    10
       Leather armour    |       |     1 |    20 ||    21
Dodge: Dodged            |    21 |    25 |    39 ||    85

Table legend: (Time is in decaauts)
 A = Elapsed time spent in this place.
 B = Non-inter-level travel time spent in this place.
 C = Inter-level travel time spent in this place.
 D = Time resting spent in this place.
 E = Time spent auto-exploring this place.
 F = Levels seen in this place.
 G = Mean time per level.
                   A        B        C        D        E       F      G
               +--------+--------+--------+--------+--------+-----+--------+
         Total |   3479 |   3343 |    136 |   1530 |   1295 |   5 |  695.8 |
       Dungeon |   3479 |   3343 |    136 |   1530 |   1295 |   5 |  695.8 |
               +--------+--------+--------+--------+--------+-----+--------+

Top non-repeatable levels by time:
     D:1: 1666 daAuts
     D:2: 790 daAuts
     D:6: 765 daAuts
     D:5: 236 daAuts
     D:3: 21 daAuts
